 Dungeon Crawl Stone Soup version 0.18-a0-1764-gf4ddf0b (webtiles) character file.

1132 epen the Agent of Entropy (level 8, 0/69 HPs)
             Began as a Naga Abyssal Knight on Apr 13, 2016.
             Was a Priest of Lugonu.
             Slain by a small abomination (10 damage)
             ... summoned by Lugonu's corruption
             ... on level 8 of the Dungeon.
             The game lasted 00:15:30 (7101 turns).

epen the Agent of Entropy (Naga Abyssal Knight)     Turns: 7101, Time: 00:15:31

Health: 0/69       AC:  8    Str: 16    XL:     8   Next: 36%
Magic:  13/13      EV:  7    Int: 14    God:    Lugonu [***...]
Gold:   221        SH:  3    Dex: 10    Spells: 0 memorised, 7 levels left

rFire  . . .     SeeInvis +     o - +1 short sword (venom)
rCold  . . .     Gourm    .     e - +0 scale mail (curse)
rNeg   . . .     Faith    .     r - +0 buckler
rPois  +         Spirit   .     v - +0 helmet
rElec  .         Dismiss  .     l - +0 cloak
rCorr  .         Reflect  .     (no gloves)
SustAt .         Harm     .     (no barding)
MR     +....                    (no amulet)
Stlth  ..........               (no ring)
                                (no ring)

@: heavily drained, very slow, somewhat resistant to hostile enchantments,
extremely unstealthy
A: see invisible, deformed body, poison resistance, slowness 2, slow metabolism
1, spit poison 2, AC +2
a: Spit Poison, Depart the Abyss, Bend Space, Banish, Renounce Religion


You were on level 8 of the Dungeon.
You worshipped Lugonu.
Lugonu was most pleased with you.
You were not hungry.

You visited 1 branch of the dungeon, and saw 7 of its levels.
You visited the Abyss 1 time.

You collected 254 gold pieces.
You spent 33 gold pieces at shops.

Inventory:

Hand Weapons
 a - a +1 falchion
 o - a +1 short sword of venom (weapon)
Armour
 b - a +0 leather armour
 e - a cursed +0 scale mail (worn)
 l - a +0 cloak (worn)
 m - a +0 ring mail
 r - a +0 buckler (worn)
 v - a +0 helmet (worn)
 x - a +1 scale mail
Scrolls
 h - 2 scrolls of teleportation
 j - a scroll of blinking
 k - 2 scrolls of random uselessness {unknown}
 p - a scroll of identify
 t - 5 scrolls of remove curse
 u - a scroll of enchant armour
 w - a scroll of amnesia
 y - a scroll of fog
Potions
 d - 4 potions of lignification
 i - a potion of might {unknown}
 n - 6 potions of brilliance
 q - a potion of ambrosia {unknown}
 s - 2 potions of heal wounds {unknown}
 z - 2 potions of agility
 A - a potion of curing {unknown}
 B - a potion of resistance {unknown}
 D - a potion of cure mutation {unknown}
Comestibles
 c - 3 bread rations
 f - 6 meat rations
 g - a slice of pizza
 C - a beef jerky


   Skills:
 - Level 3.0(1.8) Fighting
 * Level 6.2(4.9) Long Blades
 + Level 2.3(1.1) Armour
 + Level 3.3(2.1) Dodging
 * Level 6.7(5.4) Invocations


You had 7 spell levels left.
You didn't know any spells.

Dungeon Overview and Level Annotations

Branches:
Dungeon (6/15)             Temple (0/1) D:4

Altars:
Ashenzari
Cheibriados
Dithmenos
Elyvilon
Kikubaaqudgha
Nemelex Xobeh
Okawaru
Qazlal
Sif Muna
Trog
Vehumet
Zin

Shops:
D:4 ?

Annotations:
D:8 corrupted


Innate Abilities, Weirdness & Mutations

You cannot wear boots.
Your serpentine skin is tough (AC +2).
You have supernaturally acute eyesight.
Armour fits poorly on your strangely shaped body.
Your system is resistant to poisons.
You cover ground very slowly.
You have a slow metabolism.
You can spit poison.


Message History

The worldbinder hits you.
* * * LOW HITPOINT WARNING * * *
The small abomination completely misses you.
Found a scroll of recharging.
Eat which item? (? for menu, Esc to quit)
You continue eating.
The water moccasin disappears in a puff of smoke!
You continue eating.
You finish eating.
That bread ration really hit the spot!
The water moccasin disappears in a puff of smoke!
You see here a giant frog corpse.
Drink which item? (? for menu, Esc to quit)
Okay, then.
Found a stone staircase leading down.
There are monsters nearby!
The small abomination disappears in a puff of smoke!
You start resting.
Magic restored.
You start resting.
The small abomination hits you!
You die...

..# .......... ..#
.......... ... ..#
.......# ... #.# #.....#
..# #.# #.....# ..# #.#
#.....# ..####
#.######.....# .....
.......†.....####..###..
............#..x@.>.....
.....x..............##..
....................#
.......................
........................
........................
........#...............
?.......#..........#####


You could see a neutral small abomination (wandering).

Vanquished Creatures
  A phantom (D:6)
  A scorpion (D:5)
  A wight (D:8)
  A crimson imp (D:5)
  A jelly (D:6)
  A hound (D:4)
  An orc priest (D:5)
  3 orc wizards (D:5)
  An iguana (D:4)
  3 worker ants
  A hound skeleton (D:5)
  A howler monkey skeleton (D:4)
  13 adders
  A shadow imp (D:5)
  2 oozes
  An adder zombie (D:5)
  5 worms
  4 dart slugs
  9 giant geckos
  19 orcs
  3 ball pythons
  11 giant cockroaches
  10 goblins
  9 hobgoblins
  4 jackals
  8 kobolds
  3 quokkas
  16 bats
  9 giant newts
  11 rats
154 creatures vanquished.

Vanquished Creatures (others)
  The ghost of M4edhros the Skirmisher, a novice OgWn (D:4)
  The ghost of epen the Schismatic, an amateur NaAK of Lugonu (D:5)
  A giant frog (D:8)
  4 wights (D:8)
  A crimson imp (D:8)
  A quasit (D:8)
  A jelly (D:8)
  An orc priest (D:4)
  A shadow imp (D:8)
  An adder zombie (D:8)
  A starspawn tentacle (D:8)
14 creatures vanquished.

Grand Total: 168 creatures vanquished

Notes
Turn   | Place    | Note
--------------------------------------------------------------
     0 | Abyss:1  | epen the Naga Abyssal Knight began the quest for the Orb.
     0 | Abyss:1  | Reached XP level 1. HP: 21/21 MP: 2/2
    21 | D:1      | Escaped the Abyss
   280 | D:1      | Reached XP level 2. HP: 24/28 MP: 3/3
   340 | D:1      | Reached skill level 1 in Dodging
   439 | D:1      | Reached ** piety under Lugonu
   782 | D:1      | Reached XP level 3. HP: 34/34 MP: 5/5
  1446 | D:2      | Reached XP level 4. HP: 29/42 MP: 6/6
  2056 | D:2      | Found a sparkling altar of Nemelex Xobeh.
  2060 | D:2      | Found a shattered altar of Ashenzari.
  2064 | D:2      | Found a glowing silver altar of Zin.
  2065 | D:2      | Found a bloodstained altar of Trog.
  2066 | D:2      | Found a white marble altar of Elyvilon.
  2066 | D:2      | Found a stormy altar of Qazlal.
  2066 | D:2      | Found an ancient bone altar of Kikubaaqudgha.
  2067 | D:2      | Found an iron altar of Okawaru.
  2068 | D:2      | Found a shadowy altar of Dithmenos.
  2071 | D:2      | Found a snail-covered altar of Cheibriados.
  2110 | D:2      | Reached *** piety under Lugonu
  2406 | D:3      | Reached XP level 5. HP: 37/49 MP: 7/7
  2866 | D:3      | Found a radiant altar of Vehumet.
  3479 | D:4      | Noticed M4edhros's ghost (novice OgWn)
  3726 | D:4      | Banished M4edhros's ghost
  3726 | D:4      | Reached skill level 5 in Invocations
  3726 | D:4      | Reached XP level 6. HP: 52/56 MP: 4/9
  3979 | D:4      | Reached XP level 7. HP: 53/62 MP: 10/10
  4067 | D:4      | Reached skill level 5 in Long Blades
  4158 | D:4      | Found a staircase to the Ecumenical Temple.
  4518 | D:4      | Found Siocs's Magic Scroll Shoppe.
  4521 | D:4      | Bought a scroll of remove curse for 33 gold pieces
  4617 | D:5      | Entered Level 5 of the Dungeon
  5222 | D:5      | Reached **** piety under Lugonu
  5576 | D:5      | Found a deep blue altar of Sif Muna.
  5899 | D:5      | Noticed epen's ghost (amateur NaAK)
  5900 | D:5      | Banished epen's ghost
  5900 | D:5      | Reached XP level 8. HP: 69/69 MP: 12/12
  7011 | D:6      | You fall through a shaft for 2 floors!
  7044 | D:8      | Corrupted D:8
  7044 | D:8      | Noticed a thrashing horror
  7044 | D:8      | Noticed an orange demon
  7044 | D:8      | Noticed a necromancer
  7044 | D:8      | Noticed a tentacled starspawn
  7044 | D:8      | Noticed a sixfirhy
  7044 | D:8      | Noticed a tentacled starspawn
  7044 | D:8      | Noticed a green death
  7044 | D:8      | Noticed a worldbinder
  7047 | D:8      | Noticed a starcursed mass
  7074 | D:8      | HP: 3/69 [worldbinder[Lugonu's corruption] (3)]
  7101 | D:8      | Slain by a small abomination

Vault maps used:
D:1:      evilmike_arrival_hilbert_curve
D:2:      minitemple, first_bread
D:3:      minmay_door_path, old_standard_altar
D:4:      wad_river_or_something, minmay_temple_entry_glass, serial_shops, shop
D:5:      nicolae_overflow_hidden_temple
D:6:      uniq_grinder
D:8:      grunt_lair_entry_orc_guard_hut, minmay_misc_feat_roman

Skill      XL: |  1  2  3  4  5  6  7  8 |
---------------+-------------------------+-----
Dodging        | 1 2 3 |  3.3
Long Blades    | 3 4 5 6 |  6.2
Invocations    | 3 5 6 |  6.7
Armour         | 2 |  2.3
Fighting       | |  3.0

Action                   |  1- 3 |  4- 6 |  7- 9 || total
-------------------------+-------+-------+-------++-------
Melee: Falchion          |   124 |    63 |       ||   187
       Short sword       |       |   203 |   259 ||   462
Invok: Banish            |       |     2 |     2 ||     4
       Bend Space        |       |       |     1 ||     1
       Corrupt           |       |       |     1 ||     1
 Abil: Spit Poison       |       |     1 |     6 ||     7
  Use: Scroll            |       |       |    12 ||    12
  Eat: Chunk             |       |     7 |     8 ||    15
       Pizza             |       |     1 |       ||     1
       Bread ration      |       |       |     1 ||     1
Armor: Leather armour    |    35 |     9 |       ||    44
       Ring mail         |       |    62 |       ||    62
       Scale mail        |       |    70 |    83 ||   153
       Skin              |       |     2 |       ||     2
Dodge: Dodged            |    77 |   117 |    82 ||   276
Block: Buckler           |       |       |     9 ||     9
